 Dungeon Crawl Stone Soup version 0.26.1-11-gd32895ea62 (webtiles) character file.

Game seed: 7300458064682272519

163462 phalm the Gnoll Aeon (level 17, -20/133 HPs)
             Began as a Gnoll Conjurer on May 22, 2021.
             Was the Champion of Cheibriados.
             Hit by a javelin thrown by a merfolk javelineer (26 damage)
             ... on level 4 of the Shoals on May 24, 2021.
             The game lasted 01:53:38 (43726 turns).

phalm the Gnoll Aeon (Gnoll Conjurer)              Turns: 43726, Time: 01:53:39

Health: -20/133    AC: 13    Str: 25    XL:     17   Next: 83%
Magic:  2/42       EV: 25    Int: 53    God:    Cheibriados [******]
Gold:   1815       SH: 14    Dex: 26    Spells: 7/41 levels left

rFire    + + .     SeeInvis +   E - staff of air {!a}
rCold    + + .     Faith    .   F - +0 buckler of Otsutus {Int+8} (curse)
rNeg     + . .     Spirit   .   s - +2 robe {rC+ rF+}
rPois    +         Reflect  +   z - +0 helmet {Int+3}
rElec    +         Harm     .   r - scarf {rC+ rF+}
rCorr    .         Rampage  .   x - +2 pair of gloves
Will     +....                  W - +2 pair of boots
Stlth    +++.......             h - amulet "Wiereuph" {Reflect rPois Dex-3 SH+5 SInv}
HPRegen  0.32/turn              N - ring of positive energy
MPRegen  0.28/turn              w - ring of magical power

@: very slow
A: distributed training, fangs 1, strong nose
a: Renounce Religion, Bend Time, Temporal Distortion, Slouch, Step From Time


You were on level 4 of the Shoals.
You worshipped Cheibriados.
Cheibriados was exalted by your worship.
You visited 6 branches of the dungeon, and saw 31 of its levels.
You also visited: Volcano.

You collected 3522 gold pieces.
You spent 1707 gold pieces at shops.


Innate Abilities, Weirdness & Mutations

Your experience applies equally to all skills.
You have very sharp teeth.
Your uncanny sense of smell can sniff out nearby items.


   Skills:
 + Level 11.7 Fighting
 + Level 11.7 Short Blades
 + Level 11.7 Long Blades
 + Level 11.7 Axes
 + Level 11.7 Maces & Flails
 + Level 11.7 Polearms
 + Level 11.7 Staves
 + Level 11.7 Slings
 + Level 11.7 Bows
 + Level 11.7 Crossbows
 + Level 11.7 Throwing
 + Level 11.7 Armour
 + Level 12.5 Dodging
 + Level 12.4 Stealth
 + Level 11.7 Shields
 + Level 11.7 Unarmed Combat
 + Level 12.6 Spellcasting
 + Level 12.0 Conjurations
 + Level 10.0 Hexes
 + Level 10.0 Summonings
 + Level 10.0 Necromancy
 + Level 10.0 Translocations
 + Level 10.0 Transmutations
 + Level 10.0 Fire Magic
 + Level 10.0 Ice Magic
 + Level 10.0 Air Magic
 + Level 10.0 Earth Magic
 + Level 10.0 Poison Magic
 + Level 12.7 Invocations
 + Level 11.7 Evocations


You had 7 spell levels left.
You knew the following spells:

 Your Spells              Type           Power        Failure   Level
a - Alistair's Intoxicat  Tmut/Pois      64%          1%          5
b - Fireball              Conj/Fire      50%          1%          5
f - Fulminant Prism       Conj/Hex       50%          1%          4
l - Summon Lightning Spi  Summ/Air       100%         1%          4
m - Magic Dart            Conj           100%         0%          1
o - Ozocubu's Armour      Ice            96%          1%          3
s - Searing Ray           Conj           100%         0%          2
X - Iskenderun's Mystic   Conj/Tloc      100%         1%          4
Y - Conjure Ball Lightni  Conj/Air       61%          1%          6

Your spell library contained the following spells:

 Spells                   Type           Power        Failure   Level
 Apportation              Tloc           100%         0%          1
 Foxfire                  Conj/Fire      100%         0%          1
 Freeze                   Ice            100%         0%          1
 Confusing Touch          Hex            96%          1%          3
 Conjure Flame            Conj/Fire      100%         1%          3
 Dazzling Flash           Conj/Hex       100%         1%          3
 Frozen Ramparts          Ice            100%         1%          3
 Gell's Gravitas          Tloc           48%          1%          3
 Inner Flame              Hex/Fire       96%          1%          3
 Lesser Beckoning         Tloc           48%          1%          3
 Tukima's Dance           Hex            96%          1%          3
 Hailstorm                Conj/Ice       100%         1%          4
 Petrify                  Tmut/Erth      96%          1%          4
 Sticky Flame             Conj/Fire      100%         1%          4
 Summon Ice Beast         Ice/Summ       96%          1%          4
 Metabolic Englaciation   Hex/Ice        48%          1%          5
 Silence                  Hex/Air        59%          1%          5
 Yara's Violent Unravell  Hex/Tmut       48%          1%          5
 Invisibility             Hex            96%          1%          6
 Tornado                  Air            59%          100%        9

Inventory:

Missiles
 u - 5 javelins
 C - 5 boomerangs
Armour
 r - a scarf of resistance (worn)
   (You found it on level 8 of the Dungeon)
 s - a +2 robe of resistance (worn)
   (You took it off an orc sorcerer on level 2 of the Orcish Mines)
 x - a +2 pair of gloves (worn)
   (You found it on level 3 of the Dungeon)
 z - a +0 helmet of intelligence (worn)
   (You bought it in a shop on level 2 of the Orcish Mines)
 F - the cursed +0 buckler of Otsutus (worn) {Int+8}
   (You found it on level 2 of the Shoals)

   It affects your intelligence (+8).
   It has a curse placed upon it.
 W - a +2 pair of boots (worn)
   (You found it on level 14 of the Dungeon)
Magical Staves
 E - an uncursed staff of air (weapon) {!a}
   (You found it on level 12 of the Dungeon)
Jewellery
 h - the amulet "Wiereuph" (around neck) {Reflect rPois Dex-3 SH+5 SInv}
   (You took it off a wight on level 15 of the Dungeon)

   [amulet of reflection]

   It shields you and reflects attacks.
   It affects your dexterity (-3).
   It protects you from poison.
   It lets you see invisible.
   It affects your SH (+5).
 w - a ring of magical power (right hand)
   (You found it on level 1 of the Lair of Beasts)
 L - an uncursed ring of flight
   (You found it on level 6 of the Dungeon)
 N - a ring of positive energy (left hand)
   (You found it on level 12 of the Dungeon)
 R - an uncursed ring of resist corrosion
   (You found it on level 2 of the Dungeon)
Wands
 b - a wand of enslavement (16)
   (You found it on level 5 of the Dungeon)
 e - a wand of polymorph (49)
   (You found it on level 7 of the Dungeon)
 t - a wand of acid (7)
   (You found it on level 5 of the Dungeon)
 B - a wand of digging (12)
   (You took it off Ijyb on level 4 of the Dungeon)
 M - a wand of paralysis (15)
   (You found it on level 5 of the Lair of Beasts)
 T - a wand of disintegration (45)
   (You found it on level 10 of the Dungeon)
 Y - a wand of iceblast (20)
   (You took it off Erica on level 10 of the Dungeon)
Scrolls
 a - 6 scrolls of fog
 g - 2 scrolls of immolation {!r!r}
 i - 4 scrolls of amnesia
 k - 2 scrolls of fear
 m - 12 scrolls of remove curse {@r2}
 p - 6 scrolls of blinking {!r}
 v - a scroll of holy word
 A - a scroll of summoning
 D - 2 scrolls of magic mapping {!r}
 G - 11 scrolls of teleportation {@r4}
 J - a scroll of vulnerability {unknown}
 K - 4 scrolls of silence {!r}
 O - 4 scrolls of noise {!r}
Potions
 d - 5 potions of attraction {!q}
 f - 8 potions of brilliance
 j - 6 potions of curing {@q1}
 l - a potion of invisibility
 o - 7 potions of lignification {!q}
 q - 6 potions of might
 H - 3 potions of cancellation
 I - 2 potions of resistance
 P - a potion of magic {unknown}
 Q - 5 potions of ambrosia
 S - 5 potions of flight
 Z - 2 potions of degeneration {unknown}
Miscellaneous
 n - a phial of floods
   (You found it on level 15 of the Dungeon)
 y - a box of beasts (inert)
   (You found it on level 11 of the Dungeon)

Dungeon Overview and Level Annotations

Branches:
Dungeon (15/15)            Temple (1/1) D:4            Lair (6/6) D:8
 Shoals (4/4) Lair:4       Spider (3/4) Lair:2        Slime (0/5) Lair:5
    Orc (2/2) D:9             Elf (0/3) Orc:2        Vaults (0/5) D:14
 Depths (0/5) D:15        Volcano (visited)

Altars:
Ashenzari
Cheibriados
Dithmenos
Elyvilon
Fedhas
Kikubaaqudgha
Makhleb
Qazlal
Sif Muna
Trog
Vehumet
Yredelemnul
Zin
The Shining One
Beogh

Shops:
D:4 }   D:7 ?[   Orc:1 =   Orc:2 *}[[

Portals:
Trove: D:12 (give 6 scrolls of fear)

≈≈≈≈≈≈≈≈≈≈≈≈≈≈≈
≈≈≈≈≈≈≈≈≈≈≈≈≈≈≈≈
≈≈≈≈≈≈≈≈≈≈≈≈≈≈≈≈
≈≈≈≈≈≈≈≈≈≈≈≈≈≈≈≈≈≈
≈≈≈≈≈≈≈≈≈≈≈≈≈≈≈≈≈≈
≈≈≈≈≈≈≈≈≈≈≈≈≈≈≈≈≈≈
≈≈≈≈≈≈≈≈≈≈≈≈≈≈≈≈≈≈≈≈≈≈≈
≈≈≈≈≈≈≈≈≈≈≈≈≈≈≈≈≈≈≈≈≈≈≈
≈≈≈≈≈≈≈@≈≈≈≈≈≈≈≈≈≈≈≈≈≈≈
≈≈≈≈≈≈≈≈≈≈÷≈≈≈≈≈≈≈≈≈≈≈≈
≈≈≈....≈)≈≈≈≈≈≈≈≈≈≈≈≈≈≈
≈.........H≈≈≈(≈≈≈≈≈≈≈≈
..[.......≈≈))≈≈≈≈≈≈≈≈≈
≈.....?..))≈<)(≈≈≈≈≈≈≈≈
...
#≈.....≈≈≈÷#.≈m≈≈≈≈≈≈≈≈
...
≈#.....)m≈###.≈≈P≈≈≈≈≈≈
... ....)[. #.≈P≈≈≈≈≈≈≈


You could see a merfolk javelineer, a water nymph and a friendly mature
weirdsting beast (summoned).


Message History

Your mature weirdsting beast hits Ilsuiw!!
Your mature weirdsting beast splashes around in the water.
Your mature weirdsting beast stings Ilsuiw! 😱 HP[-2]
You take 2 damage, and now have 17/133 hp.
You feel much better.
The merfolk javelineer throws a javelin.
The javelin pierces through you!
* * * LOW HITPOINT WARNING * * *
The wind drake flaps its wings at you. The air twists around and strikes you!
* * * LOW HITPOINT WARNING * * *
You block Ilsuiw's attack.
Your mature weirdsting beast hits Ilsuiw!!
The tide is released from Ilsuiw's call.
Ilsuiw dies!
Cheibriados thoroughly appreciates the change of pace.
You hear a splash. x2
The merfolk barely misses you. 😱 HP[-6]
You take 6 damage, and now have 11/133 hp.
You feel much better.
The merfolk javelineer throws a javelin.
The javelin completely misses you.
You hear a splash. 😨 HP[+25] MP[+1]
You regained 25 hp, and now have 36/133 hp.
Really harm near your mature weirdsting beast?
You can feel time thicken for a moment.
The merfolk completely misses you.
The merfolk javelineer throws a javelin.
The javelin pierces through you!
* * * LOW HITPOINT WARNING * * *
You hear a splash. 😱 HP[-15] MP[-5]
You take 15 damage, and now have 21/133 hp.
You lost 5 mp, and now have 0/42 mp.
Aiming: Iceblast
Press: ? - help, Shift-Dir - straight line The mass of ice explodes!
The iceblast engulfs the merfolk!
The iceblast engulfs the wind drake!!
You block the wind drake's attack.
The merfolk javelineer throws a javelin.
The javelin pierces through you!
* * * LOW HITPOINT WARNING * * *
You hear a splash.
The merfolk closely misses you.
Your mature weirdsting beast hits the merfolk!!
The merfolk dies!
Cheibriados appreciates the change of pace.
You hear a splash.
The wind drake misses you. 😱 HP[-11]
You take 11 damage, and now have 10/133 hp.
You feel much better.
The merfolk javelineer throws a javelin.
The javelin pierces through you!!
* * * LOW HITPOINT WARNING * * *
You hear a splash.
Your mature weirdsting beast misses the wind drake.
Your mature weirdsting beast closely misses the wind drake.
The wind drake exhales a fierce blast of wind!
You violently stop moving!
* * * LOW HITPOINT WARNING * * *
😱 HP[-6]
You take 6 damage, and now have 4/133 hp.
Okay, then.
Okay, then.
Really read
p - 7 scrolls of blinking {!r}?
Blink to where?
Press: ? - help, Dir - move target Splash!
As you read the scroll of blinking {!r}, it crumbles to dust.
Your mature weirdsting beast splashes around in the water.
Your mature weirdsting beast stings the wind drake!
The wind drake dies!
Cheibriados thoroughly appreciates the change of pace. 😱 MP[+1]
Aiming: Corrosive Bolt
Press: ? - help, Shift-Dir - straight line, f - you
Okay, then.
Aiming: Iceblast
Press: ? - help, Shift-Dir - straight line The mass of ice explodes!
The iceblast engulfs the merfolk! 😱 HP[+1]
Aiming: Iceblast
Press: ? - help, Shift-Dir - straight line, f - merfolk
Aim: a merfolk, wielding a +1 trident of venom (moderately wounded)
The mass of ice explodes!
The iceblast engulfs the merfolk!
Aiming: Iceblast
Press: ? - help, Shift-Dir - straight line, f/p - merfolk
Aim: a merfolk, wielding a +1 trident of venom (heavily wounded)
The mass of ice explodes!
The iceblast engulfs the merfolk!!
You kill the merfolk!
Cheibriados thoroughly appreciates the change of pace.
You hear a splash. 😱 MP[+1]
A water nymph comes into view.
The merfolk javelineer throws a javelin.
The javelin pierces through your mature weirdsting beast!
The javelin pierces through you!!
You die...

Skill      XL: |  1  2  3  4  5  6  7  8  9 10 11 12 13 14 15 16 17 |
---------------+----------------------------------------------------+-----
Spellcasting   | 5 6 7 8 9 10 11 12 | 12.6
Invocations    | 1 2 3 4 5 6 7 8 9 10 11 12 | 12.7
Fighting       | 1 2 3 4 5 6 7 8 9 10 11 | 11.7
Short Blades   | 1 2 3 4 5 6 7 8 9 10 11 | 11.7
Long Blades    | 1 2 3 4 5 6 7 8 9 10 11 | 11.7
Axes           | 1 2 3 4 5 6 7 8 9 10 11 | 11.7
Maces & Flails | 1 2 3 4 5 6 7 8 9 10 11 | 11.7
Polearms       | 1 2 3 4 5 6 7 8 9 10 11 | 11.7
Staves         | 1 2 3 4 5 6 7 8 9 10 11 | 11.7
Slings         | 1 2 3 4 5 6 7 8 9 10 11 | 11.7
Bows           | 1 2 3 4 5 6 7 8 9 10 11 | 11.7
Crossbows      | 1 2 3 4 5 6 7 8 9 10 11 | 11.7
Throwing       | 1 2 3 4 5 6 7 8 9 10 11 | 11.7
Armour         | 1 2 3 4 5 6 7 8 9 10 11 | 11.7
Shields        | 1 2 3 4 5 6 7 8 9 10 11 | 11.7
Unarmed Combat | 1 2 3 4 5 6 7 8 9 10 11 | 11.7
Hexes          | 1 2 3 4 5 6 7 8 9 10 | 10.0
Summonings     | 1 2 3 4 5 6 7 8 9 10 | 10.0
Necromancy     | 1 2 3 4 5 6 7 8 9 10 | 10.0
Translocations | 1 2 3 4 5 6 7 8 9 10 | 10.0
Transmutations | 1 2 3 4 5 6 7 8 9 10 | 10.0
Fire Magic     | 1 2 3 4 5 6 7 8 9 10 | 10.0
Ice Magic      | 1 2 3 4 5 6 7 8 9 10 | 10.0
Air Magic      | 1 2 3 4 5 6 7 8 9 10 | 10.0
Earth Magic    | 1 2 3 4 5 6 7 8 9 10 | 10.0
Poison Magic   | 1 2 3 4 5 6 7 8 9 10 | 10.0
Evocations     | 1 2 3 4 5 6 7 8 9 10 11 | 11.7
Dodging        | 5 6 7 8 9 10 11 12 | 12.5
Stealth        | 5 6 7 8 9 10 11 12 | 12.4
Conjurations   | 8 9 10 11 12 | 12.0

Action                   |  1- 3 |  4- 6 |  7- 9 | 10-12 | 13-15 | 16-18 || total
-------------------------+-------+-------+-------+-------+-------+-------++-------
Melee: Dagger            |       |       |    10 |       |       |       ||    10
       Mace              |       |       |     8 |       |       |       ||     8
       Morningstar       |       |       |     6 |   192 |   511 |   141 ||   850
       Bite              |       |       |       |    35 |   110 |    36 ||   181
       Punch             |       |       |       |     4 |       |       ||     4
       Long sword        |       |       |       |     6 |     3 |     5 ||    14
       Staff             |       |       |       |       |       |    38 ||    38
 Cast: Magic Dart        |    36 |    70 |   227 |   363 |   894 |   235 ||  1825
       Searing Ray       |     1 |     4 |    36 |    40 |    17 |    44 ||   142
       Fulminant Prism   |       |       |     1 |     5 |     4 |       ||    10
       Iskenderun's Myst |       |       |     1 |     7 |    22 |    53 ||    83
       Summon Lightning  |       |       |       |     8 |    97 |    16 ||   121
       Fireball          |       |       |       |       |    98 |   113 ||   211
       Alistair's Intoxi |       |       |       |       |     1 |     6 ||     7
       Conjure Ball Ligh |       |       |       |       |       |     5 ||     5
       Ozocubu's Armour  |       |       |       |       |       |     1 ||     1
Invok: Slouch            |       |       |       |     2 |       |     1 ||     3
 Abil: Evoke Flight      |       |       |       |       |     1 |       ||     1
Evoke: Wand              |       |       |       |     7 |     6 |     9 ||    22
       Box of beasts     |       |       |       |       |     1 |     1 ||     2
  Use: Scroll            |       |       |     8 |       |    17 |     8 ||    33
       Potion            |       |       |       |     3 |     1 |     6 ||    10
 Stab: Distracted        |       |       |       |     1 |    17 |     3 ||    21
       Sleeping          |       |       |       |       |     4 |       ||     4
       Confused          |       |       |       |       |       |     2 ||     2
Armor: Robe              |       |     1 |    34 |    48 |    61 |    98 ||   242
Dodge: Dodged            |       |    16 |   122 |   355 |   520 |   513 ||  1526
Block: Buckler           |       |       |       |    56 |   298 |   353 ||   707
       Reflection        |       |       |       |       |       |    26 ||    26
       Rpst.: Long sword |       |       |       |     1 |     1 |     1 ||     3

Levels and vault maps discovered:
D:1:      amcnicky_arrival_underground_garden, layout_basic
D:2:      layout_loops_corners, marbit_many_paths, hangedman_decor_growths,
          uniq_crazy_yiuf_cottage, uniq_sigmund
D:3:      layout_rooms, minmay_misc_feat_pillars, serial_bayou_lagoon_b
D:4:      layout_cave_pools, minmay_temple_entry_poolview, serial_shops,
          nicolae_shop_temple_entry_statues_fountains, uniq_edmund, uniq_ijyb,
          uniq_robin
D:5:      layout_rooms, vehumet_crystals, tgw_sif
D:6:      layout_loops_cross, gammafunk_temple_overflow_wave
D:7:      layout_loops_ring, serial_shops, shop, shop_fountains, serial_bayou,
          serial_bayou_pond_c, serial_bayou_lagoon_a, serial_bayou_pond_b,
          serial_bayou_pond_c, serial_bayou_pond_d, serial_bayou_pond_d,
          uniq_duvessa
D:8:      layout_loops_ring, minmay_lair_entry_grove, grunt_ministairs_2,
          nicolae_dithmenos_shadow_blocks
D:9:      layout_roguey [special_room_bee], zombieorc2_lemuel, uniq_pikel
D:10:     layout_irregular_city, uniq_erica
D:11:     layout_basic, lightli_corner_chamber, uniq_nergalle, uniq_psyche
D:12:     kennysheep_windowed_halls, layout_stronghold, enter_trove_0
D:13:     layout_big_octagon, uniq_sonja
D:14:     minmay_evil_eye, layout_irregular_city, grunt_vaults_entry_fortified,
          minivault_26, kennysheep_potato
D:15:     hangedman_depths_entry_try_elsewhere_first, layout_irregular_city,
          grunt_decor_cap
Temple:   dpeg_five_rooms_temple
Lair:1:   layout_hall_layers, basic_altar, serial_bayou_pond_a,
          cheibrodos_lair_lostbears
Lair:2:   layout_loops_ring, spider_nest_entry_funnel_web,
          ebering_ghost_disaster_area, uniq_fannar
Lair:3:   layout_regular_city, forest_entry_grove, grunt_megastairs_5
Lair:4:   layout_hall_layers, elwin_shoals_entry_rocks,
          eino_small_chamber_without_monster, minmay_lair_oklob_chamber
Lair:5:   layout_gridlike, minmay_slime_entry_pillars
Lair:6:   minmay_lair_end_enchanted_forest, layout_hall_layers,
          serial_bayou_pond_e, bobbens_ice_dragon_lair, serial_bayou_shore_b
Shoals:1: layout_shoals
Shoals:2: layout_shoals
Shoals:3: layout_shoals, nicolae_shoals_so_close
Shoals:4: shoals_end_hangedman, layout_shoals, shoal_ilsuiw, uniq_aizul
Spider:1: layout_spider_delve, nicolae_spider_shape
Spider:2: layout_chambers
Spider:3: layout_spider_delve
Orc:1:    layout_diamond_mine, gammafunk_ghost_arena, serial_shops,
          nicolae_shop_behind_doors
Orc:2:    st_orc_town, layout_caves, enter_volcano_3, rock_pile

Notes
Turn   | Place    | Note
-------+----------+-------------------------------------------
     0 | D:1      | phalm the Gnoll Conjurer began the quest for the Orb.
     0 | D:1      | Reached XP level 1. HP: 13/13 MP: 6/6
     0 | D:1      | magus.rc [v1.9.10]
   229 | D:1      | Reached XP level 2. HP: 19/19 MP: 4/7
   232 | D:1      | Learned a level 2 spell: Searing Ray
   522 | D:1      | Reached XP level 3. HP: 25/25 MP: 7/9
   555 | D:1      | Reached skill level 5 in Spellcasting
  1245 | D:2      | Reached skill level 1 in Invocations
  1266 | D:2      | Noticed Sigmund
  1280 | D:2      | Killed Sigmund
  1281 | D:2      | Reached skill level 1 in Fighting
  1281 | D:2      | Reached skill level 1 in Short Blades
  1281 | D:2      | Reached skill level 1 in Long Blades
  1281 | D:2      | Reached skill level 1 in Axes
  1281 | D:2      | Reached skill level 1 in Maces & Flails
  1281 | D:2      | Reached skill level 1 in Polearms
  1281 | D:2      | Reached skill level 1 in Staves
  1281 | D:2      | Reached skill level 1 in Slings
  1281 | D:2      | Reached skill level 1 in Bows
  1281 | D:2      | Reached skill level 1 in Crossbows
  1281 | D:2      | Reached skill level 1 in Throwing
  1281 | D:2      | Reached skill level 1 in Armour
  1281 | D:2      | Reached skill level 1 in Shields
  1281 | D:2      | Reached skill level 1 in Unarmed Combat
  1281 | D:2      | Reached skill level 1 in Hexes
  1281 | D:2      | Reached skill level 1 in Summonings
  1281 | D:2      | Reached skill level 1 in Necromancy
  1281 | D:2      | Reached skill level 1 in Translocations
  1281 | D:2      | Reached skill level 1 in Transmutations
  1281 | D:2      | Reached skill level 1 in Fire Magic
  1281 | D:2      | Reached skill level 1 in Ice Magic
  1281 | D:2      | Reached skill level 1 in Air Magic
  1281 | D:2      | Reached skill level 1 in Earth Magic
  1281 | D:2      | Reached skill level 1 in Poison Magic
  1281 | D:2      | Reached skill level 1 in Evocations
  1281 | D:2      | Reached XP level 4. HP: 33/33 MP: 7/11
  1281 | D:2      | Reached XP level 5. HP: 38/38 MP: 7/12
  1556 | D:2      | Learned a level 4 spell: Iskenderun's Mystic Blast
  1561 | D:2      | Learned a level 4 spell: Fulminant Prism
  1584 | D:2      | Reached XP level 6. HP: 44/44 MP: 10/13
  1662 | D:2      | Reached skill level 2 in Invocations
  2185 | D:2      | Found a bloodstained altar of Trog.
  2247 | D:2      | Found a runed translucent door.
  2248 | D:2      | Noticed Crazy Yiuf
  2336 | D:2      | Killed Crazy Yiuf
  2337 | D:2      | Reached skill level 2 in Fighting
  2337 | D:2      | Reached skill level 2 in Short Blades
  2337 | D:2      | Reached skill level 2 in Long Blades
  2337 | D:2      | Reached skill level 2 in Axes
  2337 | D:2      | Reached skill level 2 in Maces & Flails
  2337 | D:2      | Reached skill level 2 in Polearms
  2337 | D:2      | Reached skill level 2 in Staves
  2337 | D:2      | Reached skill level 2 in Slings
  2337 | D:2      | Reached skill level 2 in Bows
  2337 | D:2      | Reached skill level 2 in Crossbows
  2337 | D:2      | Reached skill level 2 in Throwing
  2337 | D:2      | Reached skill level 2 in Armour
  2337 | D:2      | Reached skill level 5 in Dodging
  2337 | D:2      | Reached skill level 2 in Shields
  2337 | D:2      | Reached skill level 2 in Unarmed Combat
  2337 | D:2      | Reached skill level 2 in Evocations
  2992 | D:4      | Noticed Edmund
  3012 | D:4      | Killed Edmund
  3013 | D:4      | Reached XP level 7. HP: 47/50 MP: 5/15
  3055 | D:4      | Noticed Ijyb
  3076 | D:4      | Reached skill level 2 in Hexes
  3076 | D:4      | Reached skill level 2 in Summonings
  3076 | D:4      | Reached skill level 2 in Necromancy
  3076 | D:4      | Reached skill level 2 in Translocations
  3076 | D:4      | Reached skill level 2 in Transmutations
  3076 | D:4      | Reached skill level 2 in Fire Magic
  3076 | D:4      | Reached skill level 2 in Ice Magic
  3076 | D:4      | Reached skill level 2 in Air Magic
  3076 | D:4      | Reached skill level 2 in Earth Magic
  3076 | D:4      | Reached skill level 2 in Poison Magic
  3079 | D:4      | Killed Ijyb
  3208 | D:4      | Noticed Robin
  3211 | D:4      | Killed Robin
  3212 | D:4      | Reached skill level 5 in Stealth
  3303 | D:4      | Found Nobero's Gadget Shoppe.
  3366 | D:4      | Reached skill level 3 in Invocations
  3511 | D:4      | Found a staircase to the Ecumenical Temple.
  3520 | Temple   | Entered the Ecumenical Temple
  3603 | Temple   | Became a worshipper of Cheibriados the Contemplative
  3686 | D:4      | Reached XP level 8. HP: 31/57 MP: 9/16
  4181 | D:5      | Entered Level 5 of the Dungeon
  4186 | D:5      | Reached skill level 3 in Fighting
  4186 | D:5      | Reached skill level 3 in Short Blades
  4186 | D:5      | Reached skill level 3 in Long Blades
  4186 | D:5      | Reached skill level 3 in Axes
  4186 | D:5      | Reached skill level 3 in Maces & Flails
  4186 | D:5      | Reached skill level 3 in Polearms
  4186 | D:5      | Reached skill level 3 in Staves
  4186 | D:5      | Reached skill level 3 in Slings
  4186 | D:5      | Reached skill level 3 in Bows
  4186 | D:5      | Reached skill level 3 in Crossbows
  4186 | D:5      | Reached skill level 3 in Throwing
  4186 | D:5      | Reached skill level 3 in Armour
  4186 | D:5      | Reached skill level 3 in Shields
  4186 | D:5      | Reached skill level 3 in Unarmed Combat
  4186 | D:5      | Reached skill level 3 in Evocations
  4251 | D:5      | Reached * piety under Cheibriados
  4523 | D:5      | Found a shimmering blue altar of Sif Muna.
  4649 | D:5      | Reached skill level 6 in Spellcasting
  4672 | D:5      | Found a radiant altar of Vehumet.
  4695 | D:5      | Got an iridescent mace
  4696 | D:5      | Identified the +5 mace "Isowuobe" {elec, Str-5 Dex+3
                  | Stlth+} (You found it on level 5 of the Dungeon)
  4941 | D:6      | Reached skill level 4 in Invocations
  5000 | D:6      | Reached skill level 3 in Hexes
  5000 | D:6      | Reached skill level 3 in Summonings
  5000 | D:6      | Reached skill level 3 in Necromancy
  5000 | D:6      | Reached skill level 3 in Translocations
  5000 | D:6      | Reached skill level 3 in Transmutations
  5000 | D:6      | Reached skill level 3 in Fire Magic
  5000 | D:6      | Reached skill level 3 in Ice Magic
  5000 | D:6      | Reached skill level 3 in Air Magic
  5000 | D:6      | Reached skill level 3 in Earth Magic
  5000 | D:6      | Reached skill level 3 in Poison Magic
  5004 | D:6      | Reached skill level 6 in Dodging
  5103 | D:6      | Reached XP level 9. HP: 65/65 MP: 18/18
  5206 | D:6      | Reached ** piety under Cheibriados
  5288 | D:6      | Reached skill level 4 in Fighting
  5288 | D:6      | Reached skill level 4 in Short Blades
  5288 | D:6      | Reached skill level 4 in Long Blades
  5288 | D:6      | Reached skill level 4 in Axes
  5288 | D:6      | Reached skill level 4 in Maces & Flails
  5288 | D:6      | Reached skill level 4 in Polearms
  5288 | D:6      | Reached skill level 4 in Staves
  5288 | D:6      | Reached skill level 4 in Slings
  5288 | D:6      | Reached skill level 4 in Bows
  5288 | D:6      | Reached skill level 4 in Crossbows
  5288 | D:6      | Reached skill level 4 in Throwing
  5288 | D:6      | Reached skill level 4 in Armour
  5288 | D:6      | Reached skill level 4 in Shields
  5288 | D:6      | Reached skill level 4 in Unarmed Combat
  5288 | D:6      | Reached skill level 4 in Evocations
  5538 | D:6      | Found a glowing silver altar of Zin.
  5538 | D:6      | Found a glowing golden altar of the Shining One.
  5617 | D:6      | Got a warped morningstar
  5618 | D:6      | Identified the +5 morningstar of Piema {elec, Int+2} (You
                  | found it on level 6 of the Dungeon)
  5831 | D:7      | magus.rc [v1.9.10]
  5927 | D:7      | Reached skill level 6 in Stealth
  5927 | D:7      | Reached skill level 8 in Conjurations
  5999 | D:7      | Noticed Dowan
  6000 | D:7      | Noticed Duvessa
  6017 | D:7      | Killed Dowan
  6236 | D:7      | Found Tycwox's Magic Scroll Shop.
  6253 | D:7      | Bought a scroll of random uselessness for 16 gold pieces
  6253 | D:7      | Bought a scroll of identify for 32 gold pieces
  6253 | D:7      | Bought a scroll of identify for 32 gold pieces
  6253 | D:7      | Bought a scroll of noise for 16 gold pieces
  6376 | D:7      | Killed Duvessa
  6573 | D:7      | Found Esucoruy's Armour Shop.
  7192 | D:8      | Reached skill level 5 in Invocations
  7211 | D:8      | Found a staircase to the Lair.
  7220 | D:8      | Reached skill level 7 in Spellcasting
  7223 | D:8      | Reached skill level 4 in Hexes
  7223 | D:8      | Reached skill level 4 in Summonings
  7223 | D:8      | Reached skill level 4 in Necromancy
  7223 | D:8      | Reached skill level 4 in Translocations
  7223 | D:8      | Reached skill level 4 in Transmutations
  7223 | D:8      | Reached skill level 4 in Fire Magic
  7223 | D:8      | Reached skill level 4 in Ice Magic
  7223 | D:8      | Reached skill level 4 in Air Magic
  7223 | D:8      | Reached skill level 4 in Earth Magic
  7223 | D:8      | Reached skill level 4 in Poison Magic
  7223 | D:8      | Reached XP level 10. HP: 73/73 MP: 19/20
  7239 | D:8      | Reached skill level 5 in Fighting
  7239 | D:8      | Reached skill level 5 in Short Blades
  7239 | D:8      | Reached skill level 5 in Long Blades
  7239 | D:8      | Reached skill level 5 in Axes
  7239 | D:8      | Reached skill level 5 in Maces & Flails
  7239 | D:8      | Reached skill level 5 in Polearms
  7239 | D:8      | Reached skill level 5 in Staves
  7239 | D:8      | Reached skill level 5 in Slings
  7239 | D:8      | Reached skill level 5 in Bows
  7239 | D:8      | Reached skill level 5 in Crossbows
  7239 | D:8      | Reached skill level 5 in Throwing
  7239 | D:8      | Reached skill level 5 in Armour
  7239 | D:8      | Reached skill level 5 in Shields
  7239 | D:8      | Reached skill level 5 in Unarmed Combat
  7239 | D:8      | Reached skill level 5 in Evocations
  7527 | D:8      | Found a shadowy altar of Dithmenos.
  7586 | D:8      | Reached skill level 7 in Dodging
  7726 | D:9      | magus.rc [v1.9.10]
  7800 | D:9      | Reached *** piety under Cheibriados
  7924 | D:9      | Noticed Pikel
  7930 | D:9      | Killed Pikel
  7961 | D:9      | Reached skill level 6 in Invocations
  8000 | D:9      | Reached skill level 7 in Stealth
  8280 | D:9      | Reached **** piety under Cheibriados
  8284 | D:9      | Reached XP level 11. HP: 70/81 MP: 20/22
  8691 | D:9      | Reached skill level 6 in Fighting
  8691 | D:9      | Reached skill level 6 in Short Blades
  8691 | D:9      | Reached skill level 6 in Long Blades
  8691 | D:9      | Reached skill level 6 in Axes
  8691 | D:9      | Reached skill level 6 in Maces & Flails
  8691 | D:9      | Reached skill level 6 in Polearms
  8691 | D:9      | Reached skill level 6 in Staves
  8691 | D:9      | Reached skill level 6 in Slings
  8691 | D:9      | Reached skill level 6 in Bows
  8691 | D:9      | Reached skill level 6 in Crossbows
  8691 | D:9      | Reached skill level 6 in Throwing
  8691 | D:9      | Reached skill level 6 in Armour
  8691 | D:9      | Reached skill level 6 in Shields
  8691 | D:9      | Reached skill level 6 in Unarmed Combat
  8691 | D:9      | Reached skill level 6 in Evocations
  8707 | D:9      | Reached ***** piety under Cheibriados
  8764 | D:9      | Found a staircase to the Orcish Mines.
  8927 | D:9      | Reached skill level 5 in Hexes
  8927 | D:9      | Reached skill level 5 in Summonings
  8927 | D:9      | Reached skill level 5 in Necromancy
  8927 | D:9      | Reached skill level 5 in Translocations
  8927 | D:9      | Reached skill level 5 in Transmutations
  8927 | D:9      | Reached skill level 5 in Fire Magic
  8927 | D:9      | Reached skill level 5 in Ice Magic
  8927 | D:9      | Reached skill level 5 in Air Magic
  8927 | D:9      | Reached skill level 5 in Earth Magic
  8927 | D:9      | Reached skill level 5 in Poison Magic
  9033 | D:10     | Entered Level 10 of the Dungeon
  9185 | D:10     | You pick up a book of the Sky and begin reading...
  9185 | D:10     | You add the spells Summon Lightning Spire, Silence, Conjure
                  | Ball Lightning and Tornado to your library.
  9191 | D:10     | Learned a level 4 spell: Summon Lightning Spire
  9328 | D:10     | Reached skill level 8 in Spellcasting
  9844 | D:10     | Reached skill level 9 in Conjurations
  9844 | D:10     | Reached skill level 7 in Invocations
  9936 | D:10     | Reached skill level 8 in Dodging
 10152 | D:10     | Noticed Erica
 10162 | D:10     | Killed Erica
 10540 | D:11     | Noticed a purple ugly thing
 10551 | D:11     | Killed a purple ugly thing
 10640 | D:11     | Noticed a centaur warrior
 10652 | D:11     | Killed a centaur warrior
 10653 | D:11     | Reached skill level 8 in Stealth
 10954 | Lair:1   | Entered Level 1 of the Lair of Beasts
 11040 | Lair:1   | Reached XP level 12. HP: 72/89 MP: 24/24
 11411 | Lair:1   | Reached skill level 7 in Fighting
 11411 | Lair:1   | Reached skill level 7 in Short Blades
 11411 | Lair:1   | Reached skill level 7 in Long Blades
 11411 | Lair:1   | Reached skill level 7 in Axes
 11411 | Lair:1   | Reached skill level 7 in Maces & Flails
 11411 | Lair:1   | Reached skill level 7 in Polearms
 11411 | Lair:1   | Reached skill level 7 in Staves
 11411 | Lair:1   | Reached skill level 7 in Slings
 11411 | Lair:1   | Reached skill level 7 in Bows
 11411 | Lair:1   | Reached skill level 7 in Crossbows
 11411 | Lair:1   | Reached skill level 7 in Throwing
 11411 | Lair:1   | Reached skill level 7 in Armour
 11411 | Lair:1   | Reached skill level 7 in Shields
 11411 | Lair:1   | Reached skill level 7 in Unarmed Combat
 11411 | Lair:1   | Reached skill level 7 in Evocations
 11451 | Lair:1   | Reached ****** piety under Cheibriados
 11890 | Lair:1   | Found a basalt altar of Yredelemnul.
 12305 | Lair:2   | magus.rc [v1.9.10]
 12358 | Lair:2   | Noticed Fannar
 12371 | Lair:2   | Noticed a seven-headed hydra
 12376 | Lair:2   | HP: 20/91 [Fannar/uncursed staff of cold (9)]
 12376 | Lair:2   | Noticed a four-headed hydra
 12379 | Lair:2   | Killed Fannar
 12380 | Lair:2   | Reached skill level 6 in Hexes
 12380 | Lair:2   | Reached skill level 6 in Summonings
 12380 | Lair:2   | Reached skill level 6 in Necromancy
 12380 | Lair:2   | Reached skill level 6 in Translocations
 12380 | Lair:2   | Reached skill level 6 in Transmutations
 12380 | Lair:2   | Reached skill level 6 in Fire Magic
 12380 | Lair:2   | Reached skill level 6 in Ice Magic
 12380 | Lair:2   | Reached skill level 6 in Air Magic
 12380 | Lair:2   | Reached skill level 6 in Earth Magic
 12380 | Lair:2   | Reached skill level 6 in Poison Magic
 12382 | Lair:2   | Reached skill level 8 in Invocations
 12383 | Lair:2   | Reached skill level 9 in Spellcasting
 12383 | Lair:2   | Killed a seven-headed hydra
 12383 | Lair:2   | Killed a four-headed hydra
 12764 | Lair:2   | Found a hole to the Spider Nest.
 12813 | Lair:2   | Found a large runed translucent door.
 12813 | Lair:2   | Found a large runed translucent door.
 12816 | Lair:2   | Noticed Zeld's ghost (journeyman OpGl)
 12851 | Lair:2   | You pick up a book of Party Tricks and begin reading...
 12851 | Lair:2   | You add the spells Apportation, Lesser Beckoning, Tukima's
                  | Dance, Alistair's Intoxication and Invisibility to your
                  | library.
 12858 | Lair:2   | Learned a level 5 spell: Alistair's Intoxication
 13598 | Lair:2   | Killed Zeld's ghost
 13599 | Lair:2   | Reached skill level 9 in Dodging
 14032 | Lair:3   | You pick up a book of Flames and begin reading...
 14032 | Lair:3   | You add the spells Foxfire, Conjure Flame, Inner Flame,
                  | Sticky Flame and Fireball to your library.
 14039 | Lair:3   | Learned a level 5 spell: Fireball
 14524 | Lair:3   | Got a dazzling long sword
 14525 | Lair:3   | Identified the +7 long sword "Ygoisa" {vorpal, +Inv Str+2
                  | Int-4 SInv} (You found it on level 3 of the Lair of Beasts)
 14621 | Lair:3   | Noticed a five-headed hydra
 14630 | Lair:3   | Reached skill level 9 in Stealth
 14630 | Lair:3   | Reached XP level 13. HP: 53/98 MP: 26/26
 14922 | Lair:4   | Reached skill level 8 in Fighting
 14922 | Lair:4   | Reached skill level 8 in Short Blades
 14922 | Lair:4   | Reached skill level 8 in Long Blades
 14922 | Lair:4   | Reached skill level 8 in Axes
 14922 | Lair:4   | Reached skill level 8 in Maces & Flails
 14922 | Lair:4   | Reached skill level 8 in Polearms
 14922 | Lair:4   | Reached skill level 8 in Staves
 14922 | Lair:4   | Reached skill level 8 in Slings
 14922 | Lair:4   | Reached skill level 8 in Bows
 14922 | Lair:4   | Reached skill level 8 in Crossbows
 14922 | Lair:4   | Reached skill level 8 in Throwing
 14922 | Lair:4   | Reached skill level 8 in Armour
 14922 | Lair:4   | Reached skill level 8 in Shields
 14922 | Lair:4   | Reached skill level 8 in Unarmed Combat
 14922 | Lair:4   | Reached skill level 8 in Evocations
 15897 | Lair:4   | Reached skill level 9 in Invocations
 15914 | Lair:4   | Found a staircase to the Shoals.
 16615 | Lair:5   | Reached skill level 10 in Conjurations
 16631 | Lair:5   | Reached skill level 7 in Hexes
 16631 | Lair:5   | Reached skill level 7 in Summonings
 16631 | Lair:5   | Reached skill level 7 in Necromancy
 16631 | Lair:5   | Reached skill level 7 in Translocations
 16631 | Lair:5   | Reached skill level 7 in Transmutations
 16631 | Lair:5   | Reached skill level 7 in Fire Magic
 16631 | Lair:5   | Reached skill level 7 in Ice Magic
 16631 | Lair:5   | Reached skill level 7 in Air Magic
 16631 | Lair:5   | Reached skill level 7 in Earth Magic
 16631 | Lair:5   | Reached skill level 7 in Poison Magic
 17398 | Lair:5   | Found a staircase to the Slime Pits.
 17744 | Lair:6   | Entered Level 6 of the Lair of Beasts
 17950 | Lair:6   | Reached skill level 10 in Spellcasting
 18271 | Lair:6   | Reached XP level 14. HP: 106/106 MP: 28/28
 18307 | Lair:6   | Reached skill level 10 in Dodging
 18605 | Lair:6   | Reached skill level 9 in Fighting
 18605 | Lair:6   | Reached skill level 9 in Short Blades
 18605 | Lair:6   | Reached skill level 9 in Long Blades
 18605 | Lair:6   | Reached skill level 9 in Axes
 18605 | Lair:6   | Reached skill level 9 in Maces & Flails
 18605 | Lair:6   | Reached skill level 9 in Polearms
 18605 | Lair:6   | Reached skill level 9 in Staves
 18605 | Lair:6   | Reached skill level 9 in Slings
 18605 | Lair:6   | Reached skill level 9 in Bows
 18605 | Lair:6   | Reached skill level 9 in Crossbows
 18605 | Lair:6   | Reached skill level 9 in Throwing
 18605 | Lair:6   | Reached skill level 9 in Armour
 18605 | Lair:6   | Reached skill level 9 in Shields
 18605 | Lair:6   | Reached skill level 9 in Unarmed Combat
 18605 | Lair:6   | Reached skill level 9 in Evocations
 18850 | Lair:6   | Reached skill level 10 in Stealth
 19759 | Orc:1    | Entered Level 1 of the Orcish Mines
 19849 | Orc:1    | Found Venudut's Jewellery Shoppe.
 19912 | Orc:2    | Entered Level 2 of the Orcish Mines
 19912 | Orc:2    | Found a staircase to the Elven Halls.
 19953 | Orc:2    | Reached skill level 10 in Invocations
 19968 | Orc:2    | Found a dark tunnel.
 19987 | Volcano  | Entered a volcano
 20523 | Volcano  | HP: 21/108 [skeletal warrior/+1 dire flail of flaming (25)]
 22360 | Orc:2    | Found a roughly hewn altar of Beogh.
 22387 | Orc:2    | Found Sicumar's Gadget Shop.
 22387 | Orc:2    | Found Mian's Assorted Antiques.
 22404 | Orc:2    | Bought a scroll of identify for 70 gold pieces
 22404 | Orc:2    | Bought a brightly glowing robe for 199 gold pieces
 22415 | Orc:2    | Identified the cursed +1 robe "Ybluywn" {Str+7} (You bought
                  | it in a shop on level 2 of the Orcish Mines)
 22529 | Orc:2    | Reached skill level 8 in Hexes
 22529 | Orc:2    | Reached skill level 8 in Summonings
 22529 | Orc:2    | Reached skill level 8 in Necromancy
 22529 | Orc:2    | Reached skill level 8 in Translocations
 22529 | Orc:2    | Reached skill level 8 in Transmutations
 22529 | Orc:2    | Reached skill level 8 in Fire Magic
 22529 | Orc:2    | Reached skill level 8 in Ice Magic
 22529 | Orc:2    | Reached skill level 8 in Air Magic
 22529 | Orc:2    | Reached skill level 8 in Earth Magic
 22529 | Orc:2    | Reached skill level 8 in Poison Magic
 23298 | Orc:2    | Found Gyitiz's Armour Shop.
 23298 | Orc:2    | Found Yris's Armour Emporium.
 23462 | Orc:2    | Bought a +0 helmet of intelligence for 126 gold pieces
 23531 | Orc:1    | Noticed jlumianski's ghost (novice FeSu)
 23560 | Orc:1    | Found a transporter.
 23563 | Orc:1    | Found a transporter.
 24194 | Orc:1    | Killed jlumianski's ghost
 24251 | Orc:1    | You pick up a book of Misfortune and begin reading...
 24251 | Orc:1    | You add the spells Confusing Touch, Gell's Gravitas,
                  | Petrify, Metabolic Englaciation and Yara's Violent
                  | Unravelling to your library.
 24505 | Orc:1    | Bought the ring "Nizoy" {rPois Str+3 Int+6} for 1216 gold
                  | pieces
 24874 | D:11     | Reached XP level 15. HP: 115/115 MP: 29/29
 24891 | D:11     | Noticed Nergalle
 24898 | D:11     | Noticed Psyche
 24899 | D:11     | Killed Nergalle
 24904 | D:11     | Killed Psyche
 26444 | D:11     | Reached skill level 11 in Spellcasting
 26559 | D:12     | Found a portal to a secret trove of treasure.
 26597 | D:12     | This trove needs 6 scrolls of fear to function. Give it the
                  | items?
 27220 | D:12     | Reached skill level 10 in Fighting
 27220 | D:12     | Reached skill level 10 in Short Blades
 27220 | D:12     | Reached skill level 10 in Long Blades
 27220 | D:12     | Reached skill level 10 in Axes
 27220 | D:12     | Reached skill level 10 in Maces & Flails
 27220 | D:12     | Reached skill level 10 in Polearms
 27220 | D:12     | Reached skill level 10 in Staves
 27220 | D:12     | Reached skill level 10 in Slings
 27220 | D:12     | Reached skill level 10 in Bows
 27220 | D:12     | Reached skill level 10 in Crossbows
 27220 | D:12     | Reached skill level 10 in Throwing
 27220 | D:12     | Reached skill level 10 in Armour
 27220 | D:12     | Reached skill level 10 in Shields
 27220 | D:12     | Reached skill level 10 in Unarmed Combat
 27220 | D:12     | Reached skill level 10 in Evocations
 27715 | D:12     | Reached skill level 11 in Dodging
 28024 | D:13     | Reached skill level 11 in Conjurations
 28024 | D:13     | Noticed Sonja
 28035 | D:13     | Killed Sonja
 28350 | D:13     | Reached skill level 11 in Invocations
 28697 | D:14     | Reached skill level 11 in Stealth
 29047 | D:14     | HP: 23/115 [slime creature (14)]
 29897 | D:14     | Found a gate to the Vaults.
 30387 | D:15     | Entered Level 15 of the Dungeon
 30820 | D:15     | Reached XP level 16. HP: 123/123 MP: 19/31
 31174 | D:15     | Identified the amulet "Wiereuph" {Reflect rPois Dex-3 SH+5
                  | SInv}
 31432 | D:15     | Reached skill level 9 in Hexes
 31432 | D:15     | Reached skill level 9 in Summonings
 31432 | D:15     | Reached skill level 9 in Necromancy
 31432 | D:15     | Reached skill level 9 in Translocations
 31432 | D:15     | Reached skill level 9 in Transmutations
 31432 | D:15     | Reached skill level 9 in Fire Magic
 31432 | D:15     | Reached skill level 9 in Ice Magic
 31432 | D:15     | Reached skill level 9 in Air Magic
 31432 | D:15     | Reached skill level 9 in Earth Magic
 31432 | D:15     | Reached skill level 9 in Poison Magic
 31550 | D:15     | Found a staircase to the Depths.
 32070 | Spider:1 | Entered Level 1 of the Spider Nest
 33067 | Spider:1 | HP: 27/124 [wolf spider (15)]
 34671 | Spider:2 | Got an ancient long sword
 34672 | Spider:2 | Identified the +10 long sword of Instant Death {antimagic,
                  | rElec rC+ Str-3} (You found it on level 2 of the Spider
                  | Nest)
 34961 | Spider:2 | Reached skill level 11 in Fighting
 34961 | Spider:2 | Reached skill level 11 in Short Blades
 34961 | Spider:2 | Reached skill level 11 in Long Blades
 34961 | Spider:2 | Reached skill level 11 in Axes
 34961 | Spider:2 | Reached skill level 11 in Maces & Flails
 34961 | Spider:2 | Reached skill level 11 in Polearms
 34961 | Spider:2 | Reached skill level 11 in Staves
 34961 | Spider:2 | Reached skill level 11 in Slings
 34961 | Spider:2 | Reached skill level 11 in Bows
 34961 | Spider:2 | Reached skill level 11 in Crossbows
 34961 | Spider:2 | Reached skill level 11 in Throwing
 34961 | Spider:2 | Reached skill level 11 in Armour
 34961 | Spider:2 | Reached skill level 11 in Shields
 34961 | Spider:2 | Reached skill level 11 in Unarmed Combat
 34961 | Spider:2 | Reached skill level 11 in Evocations
 36300 | Spider:3 | Reached skill level 12 in Spellcasting
 36659 | Spider:3 | Reached skill level 12 in Invocations
 37118 | Spider:2 | magus.rc [v1.9.10]
 37553 | Spider:3 | Reached skill level 12 in Dodging
 37608 | Spider:3 | Reached XP level 17. HP: 63/131 MP: 26/33
 38317 | Spider:3 | C - a runed executioner's axe {rare}
 38318 | Spider:3 | You drop a runed executioner's axe {rare}.
 38781 | Shoals:1 | Entered Level 1 of the Shoals
 39358 | Shoals:1 | You pick up a book of Flames and begin reading...
 39447 | Shoals:1 | Reached skill level 12 in Stealth
 40948 | Shoals:2 | Got a distressingly furry buckler
 40959 | Shoals:2 | Identified the cursed +0 buckler of Otsutus {Int+8} (You
                  | found it on level 2 of the Shoals)
 42017 | Shoals:3 | Noticed a kraken
 42023 | Shoals:3 | Killed a kraken
 42172 | Shoals:3 | You pick up a book of Frost and begin reading...
 42172 | Shoals:3 | You add the spells Freeze, Frozen Ramparts, Ozocubu's
                  | Armour, Hailstorm and Summon Ice Beast to your library.
 42177 | Shoals:3 | Learned a level 3 spell: Ozocubu's Armour
 42184 | Shoals:3 | Learned a level 6 spell: Conjure Ball Lightning
 42364 | Shoals:4 | Entered Level 4 of the Shoals
 42375 | Shoals:4 | Noticed Aizul
 42375 | Shoals:4 | Noticed Ilsuiw
 42608 | Shoals:4 | Reached skill level 12 in Conjurations
 42614 | Shoals:3 | HP: 21/132 [Aizul (16)]
 42614 | Shoals:3 | Killed Aizul
 42619 | Shoals:3 | HP: 21/132 [poisoned by Aizul (poison arrow)]
 42627 | Shoals:3 | HP: 22/132 [poisoned by Aizul (poison arrow)]
 42637 | Shoals:3 | HP: 23/132 [poisoned by Aizul (poison arrow)]
 42643 | Shoals:3 | HP: 24/132 [poisoned by Aizul (poison arrow)]
 42649 | Shoals:3 | HP: 25/132 [poisoned by Aizul (poison arrow)]
 43014 | Shoals:4 | Reached skill level 10 in Hexes
 43014 | Shoals:4 | Reached skill level 10 in Summonings
 43014 | Shoals:4 | Reached skill level 10 in Necromancy
 43014 | Shoals:4 | Reached skill level 10 in Translocations
 43014 | Shoals:4 | Reached skill level 10 in Transmutations
 43014 | Shoals:4 | Reached skill level 10 in Fire Magic
 43014 | Shoals:4 | Reached skill level 10 in Ice Magic
 43014 | Shoals:4 | Reached skill level 10 in Air Magic
 43014 | Shoals:4 | Reached skill level 10 in Earth Magic
 43014 | Shoals:4 | Reached skill level 10 in Poison Magic
 43026 | Shoals:4 | HP: 28/133 [alligator snapping turtle (22)]
 43026 | Shoals:4 | HP: 9/133 [merfolk impaler/+6 trident of venom (19)]
 43714 | Shoals:4 | HP: 28/133 [Ilsuiw/+3 trident of freezing (14)]
 43714 | Shoals:4 | HP: 8/133 [wind drake/the air (19)]
 43717 | Shoals:4 | Killed Ilsuiw
 43719 | Shoals:4 | HP: 21/133 [merfolk javelineer/javelin (15)]
 43720 | Shoals:4 | HP: 10/133 [merfolk javelineer/javelin (12)]
 43721 | Shoals:4 | HP: 4/133 [some deep water collision (16)]
 43726 | Shoals:4 | Hit by a javelin thrown by a merfolk javelineer

Vanquished Creatures
  A kraken (Shoals:3)
  A ghost moth (Spider:2)
  An emperor scorpion (Spider:2)
  A very ugly thing (D:12)
  2 entropy weavers
  3 spark wasps
  4 merfolk impalers
  A merfolk javelineer (Shoals:4)
  An ice dragon (Lair:6)
  An alligator snapping turtle (Shoals:4)
  Fannar (Lair:2)
  A boulder beetle (Orc:2)
  3 vault guards (D:14)
  4 centaur warriors
  2 merfolk avatars
  6 hydras
  8 two-headed ogres
  An orc high priest (Orc:2)
  Nergalle (D:11)
  6 skeletal warriors
  3 sea snakes
  3 unseen horrors
  The ghost of jlumianski the Summoner, a novice FeSu of Dithmenos (Orc:1)
  Pikel (D:9)
  9 orc knights
  A lindwurm (Lair:5)
  13 orb spiders
  2 anaconda skeletons (Volcano)
  15 harpies
  2 ugly things
  2 oklob plants (Lair:4)
  13 fauns
  An orc sorcerer (Orc:2)
  11 manticores
  19 wolf spiders
  2 elephants (Lair:4)
  8 merfolk sirens
  A moth of wrath (Spider:3)
  4 water nymphs
  6 cyclopes
  2 centaur zombies
  Psyche (D:11)
  7 black mambas
  9 cane toads
  4 gargoyles (Volcano)
  2 rime drakes
  7 komodo dragons
  2 freezing wraiths (D:14)
  A yaktaur (D:14)
  8 demonic crawlers
  A kobold demonologist (D:13)
  6 merfolk
  A tengu conjurer (D:14)
  3 meliai (D:14)
  12 polar bears
  A queen bee (D:9)
  7 trolls
  16 jumping spiders
  3 harpy skeletons (Volcano)
  3 wind drakes
  A slime creature (D:12)
  8 blink frogs
  A meliai zombie (D:15)
  7 hornets
  A dream sheep (Lair:6)
  4 snapping turtles
  38 redbacks
  Sigmund (D:2)
  2 alligator skeletons (Volcano)
  2 flying skulls (Volcano)
  2 water elementals
  12 spriggans
  3 vampires
  15 tarantellas
  5 wyverns
  3 wraiths
  65 yaks
  3 shadows (D:9)
  A steam dragon (D:14)
  3 basilisks
  3 vampire mosquitoes (D:12)
  4 wargs
  Edmund (D:4)
  A soldier ant (D:15)
  2 hell hounds (Orc:2)
  22 water moccasins
  Duvessa (D:7)
  4 black bears
  2 sky beasts
  22 orc warriors
  A phantom (D:10)
  7 ice beasts
  5 boggarts (Lair:6)
  A necrophage (D:9)
  3 eyes of draining
  7 ogres
  21 wolves
  16 centaurs
  A lemure (D:9)
  2 big kobolds
  17 bullfrogs
  A wyvern zombie (D:12)
  A gnoll sergeant (D:10)
  2 wyvern skeletons
  6 scorpions
  A troll zombie (D:9)
  Dowan (D:7)
  34 killer bees
  A troll skeleton (Volcano)
  12 wights
  4 electric eels
  4 howler monkeys
  2 bullfrog zombies
  4 lava snakes (D:13)
  A quasit (D:12)
  2 hounds
  12 orc priests
  17 orc wizards
  7 jellies
  5 bullfrog skeletons
  Crazy Yiuf (D:2)
  5 centaur skeletons
  6 iguanas
  Ijyb (D:4)
  6 worker ants
  7 ogre zombies (D:9)
  2 naga skeletons (Volcano)
  Robin (D:4)
  A worker ant zombie (D:11)
  9 gnolls
  7 adders
  2 shadow imps
  7 white imps
  4 ufetubi (D:7)
  An ooze (D:4)
  2 adder skeletons
  An adder zombie (D:5)
  2 worms
  2 dart slugs
  5 leopard geckos
  78 orcs
  A ball python (D:1)
  A giant cockroach (D:1)
  16 goblins
  6 hobgoblins
  11 jackals
  5 quokkas
  A ball python skeleton (D:4)
  3 bats
  3 frilled lizards
  2 goblin zombies (D:9)
  A hobgoblin skeleton (D:9)
  4 hobgoblin zombies (D:9)
  A jackal skeleton (D:5)
  17 kobolds
  3 orc skeletons (D:9)
  15 orc zombies (D:9)
  A quokka skeleton (D:4)
  3 rats (D:1)
  A fire vortex (D:13)
  A tentacle (Shoals:3)
945 creatures vanquished.

Vanquished Creatures (collateral kills)
  Ilsuiw (Shoals:4)
  Aizul (Shoals:3)
  A dire elephant (D:15)
  A merfolk impaler (Shoals:4)
  An ogre mage (D:15)
  A hydra (Lair:6)
  Erica (D:10)
  2 two-headed ogres (D:15)
  The ghost of Zeld the Cruncher, a journeyman OpGl of Wu Jian (Lair:2)
  Sonja (D:13)
  4 skeletal warriors
  A wizard (D:14)
  A sea snake (Shoals:4)
  A harpy (Shoals:4)
  2 orc knights (Orc:2)
  A wolf spider (Spider:2)
  A salamander (D:15)
  2 orc sorcerers
  A centaur zombie (D:12)
  An elephant (Lair:4)
  A cane toad (Lair:6)
  2 rime drakes (Lair:5)
  A freezing wraith (D:15)
  A komodo dragon (Lair:5)
  A tengu conjurer (D:15)
  4 jumping spiders
  3 polar bears
  A hornet (D:14)
  A troll (D:15)
  A wind drake (Shoals:4)
  3 slime creatures (D:14)
  3 merfolk
  A blink frog (Lair:6)
  A snapping turtle (Shoals:4)
  2 spriggans (Lair:6)
  A tarantella (Spider:1)
  2 redbacks (Spider:1)
  8 yaks
  A wraith (D:15)
  A vampire mosquito (D:12)
  2 wargs (Orc:2)
  3 water moccasins
  21 orc warriors
  8 wolves
  2 big kobolds (D:13)
  2 bullfrogs
  3 killer bees (D:13)
  7 wights
  A troll skeleton (Volcano)
  3 howler monkeys (D:14)
  A hound (D:11)
  6 orc priests
  3 jellies
  6 orc wizards
  2 white imps (Lair:6)
  23 orcs
158 creatures vanquished.

Vanquished Creatures (others)
  An orb spider (Spider:1)
  A gargoyle (Volcano)
  A demonic crawler (Spider:1)
  A flying skull (Volcano)
  An adder (D:7)
  15 ball lightnings
  10 fulminant prisms
  28 fungi
  157 plants
  3 tentacles (Shoals:3)
218 creatures vanquished.

Grand Total: 1321 creatures vanquished

Table legend:
 A = Non-vault XP
 B = Vault XP
 C = Vault XP percentage of total XP
 D = Non-vault monster count
 E = Vault monster count
 F = Vault count percentage of total count
                 A         B        C        D         E       F
            +---------+---------+-------+---------+---------+-------
      Total |  168068 |   65450 |  28.0 |     777 |     326 |  29.6
            +---------+---------+-------+---------+---------+-------
        D:1 |      46 |       0 |   0.0 |      20 |       0 |   0.0
        D:2 |     119 |     284 |  70.5 |      22 |       3 |  12.0
        D:3 |      19 |       0 |   0.0 |      10 |       0 |   0.0
        D:4 |     602 |     232 |  27.8 |      32 |      13 |  28.9
        D:5 |     568 |      35 |   5.8 |      15 |       1 |   6.2
        D:6 |    1100 |       0 |   0.0 |      24 |       0 |   0.0
        D:7 |     187 |     264 |  58.5 |       6 |       7 |  53.8
        D:8 |     432 |    2093 |  82.9 |      10 |      15 |  60.0
        D:9 |    1481 |    3539 |  70.5 |      22 |      64 |  74.4
       D:10 |    3812 |     449 |  10.5 |      47 |       1 |   2.1
       D:11 |    7238 |    2255 |  23.8 |      39 |       6 |  13.3
       D:12 |    5644 |    6165 |  52.2 |      29 |      18 |  38.3
       D:13 |    6353 |     534 |   7.8 |      40 |       1 |   2.4
       D:14 |    6727 |    5840 |  46.5 |      34 |      13 |  27.7
       D:15 |    9168 |    1953 |  17.6 |      34 |       4 |  10.5
     Lair:1 |    3121 |    1172 |  27.3 |      13 |       4 |  23.5
     Lair:2 |   14601 |    2837 |  16.3 |      42 |       6 |  12.5
     Lair:3 |    2936 |    1909 |  39.4 |      12 |      12 |  50.0
     Lair:4 |    7356 |    1122 |  13.2 |      31 |       2 |   6.1
     Lair:5 |    4717 |     143 |   2.9 |      22 |       4 |  15.4
     Lair:6 |    8614 |    8825 |  50.6 |      32 |      53 |  62.4
   Shoals:1 |    6584 |       0 |   0.0 |      13 |       0 |   0.0
   Shoals:2 |   13222 |       0 |   0.0 |      24 |       0 |   0.0
   Shoals:3 |    8335 |    1660 |  16.6 |      15 |       2 |  11.8
   Shoals:4 |   10464 |    7650 |  42.2 |      20 |      11 |  35.5
   Spider:1 |    9244 |    1867 |  16.8 |      29 |       5 |  14.7
   Spider:2 |   13325 |       0 |   0.0 |      30 |       0 |   0.0
   Spider:3 |   14825 |       0 |   0.0 |      36 |       0 |   0.0
      Orc:1 |    1825 |    1664 |  47.7 |      29 |       4 |  12.1
      Orc:2 |    5403 |    7121 |  56.9 |      45 |      58 |  56.3
    Volcano |       0 |    5837 | 100.0 |       0 |      19 | 100.0
            +---------+---------+-------+---------+---------+-------

Illustrated notes

Table legend:
 A = Kills in this place as a percentage of kills in entire the game.
 B = Kills by you in this place as a percentage of kills by you in the entire game.
 C = Kills by friends in this place as a percentage of kills by friends in the entire game.
 D = Other kills in this place as a percentage of other kills in the entire game.
 E = Experience gained in this place as a percentage of experience gained in the entire game.
 F = Experience gained in this place divided by the number of levels of this place that you have seen.
                   A       B       C       D       E      F
               +-------+-------+-------+-------+-------+----------------------
         Total | 100.0 | 100.0 | 100.0 | 100.0 | 100.0 | 7297.4
       Dungeon |  48.1 |  50.2 |  35.4 |  50.0 |  28.8 | 4475.9
          Lair |  21.1 |  21.4 |  20.3 |   0.0 |  24.6 | 9558.8
        Shoals |   7.7 |   8.1 |   5.7 |   0.0 |  20.5 | 11978.8
   Spider Nest |   9.1 |   9.6 |   5.1 |  50.0 |  16.8 | 13087.0
  Orcish Mines |  12.3 |   8.9 |  32.9 |   0.0 |   6.9 | 8006.5
       Volcano |   1.7 |   1.9 |   0.6 |   0.0 |   2.5 | 5837.0
               +-------+-------+-------+-------+-------+----------------------

Table legend: (Time is in decaauts)
 A = Elapsed time spent in this place.
 B = Non-inter-level travel time spent in this place.
 C = Inter-level travel time spent in this place.
 D = Time resting spent in this place.
 E = Time spent auto-exploring this place.
 F = Levels seen in this place.
 G = Mean time per level.
                   A        B        C        D        E       F      G
               +--------+--------+--------+--------+--------+-----+--------+
         Total |  60369 |  56100 |   4269 |    372 |  48356 |  32 | 1886.5 |
       Dungeon |  24159 |  22554 |   1605 |    104 |  19230 |  15 | 1610.6 |
        Temple |    152 |     86 |     66 |      0 |     76 |   1 |  152.0 |
          Lair |  15896 |  14450 |   1446 |    268 |  12740 |   6 | 2649.3 |
        Shoals |   6598 |   6408 |    190 |      0 |   5757 |   4 | 1649.5 |
   Spider Nest |   7159 |   6812 |    347 |      0 |   6206 |   3 | 2386.3 |
  Orcish Mines |   4467 |   3854 |    613 |      0 |   2886 |   2 | 2233.5 |
       Volcano |   1935 |   1935 |      0 |      0 |   1459 |   1 | 1935.0 |
               +--------+--------+--------+--------+--------+-----+--------+

Top non-repeatable levels by time:
  Lair:2: 4090 daAuts
Spider:2: 3816 daAuts
    D:11: 2939 daAuts
Shoals:3: 2863 daAuts
   Orc:2: 2818 daAuts
  Lair:4: 2807 daAuts
  Lair:1: 2737 daAuts
  Lair:6: 2686 daAuts
    D:14: 2429 daAuts
    D:12: 2305 daAuts
    D:10: 2291 daAuts
    D:15: 2126 daAuts
     D:9: 2092 daAuts
  Lair:3: 1984 daAuts
 Volcano: 1935 daAuts
